 Dungeon Crawl Stone Soup version 0.30-b1-2-g02819fbbbe (webtiles) character file.

Game seed: 10974021173896037429

49 Alarkh the Sneak (level 3, -1/29 HPs)
             Began as a Demonspawn Delver on May 22, 2023.
             Succumbed to a gnoll's poison
             ... on level 1 of the Dungeon.
             The game lasted 00:01:49 (1322 turns).

Alarkh the Sneak (Demonspawn Delver)                Turns: 1322, Time: 00:01:51

Health: -1/29      AC:  3    Str: 12    XL:     3   Next: 53%
Magic:  3/3        EV: 11    Int: 13    God:
Gold:   111        SH:  0    Dex: 14    Spells: 2/2 levels left

rFire   . .          .
                       - Unarmed
rCold   . . .        (no shield)
rNeg    . . .        a - +0 leather armour
rPois   .            (no helmet)
rElec   .            (no cloak)
rCorr   .            (no gloves)
SInv    .            (no boots)
Will    .....        (no amulet)
Stlth   ++           (no ring)
HPRegen 0.24/turn    (no ring)
MPRegen 0.08/turn

%: no passive effects
@: lethally poisoned (-1 -> -13)
A: claws 1, foul stench 1
a: no special abilities


You were on level 1 of the Dungeon.
You visited 1 branch of the dungeon, and saw 5 of its levels.

You collected 111 gold pieces.

Inventory:

Missiles
 c - 3 poisoned darts (quivered)
Armour
 a - a +0 leather armour (worn)
Magical Staves
 l - a staff of death
 n - a staff of earth
Wands
 f - a wand of digging (3)
Scrolls
 b - a scroll of fog
 d - 2 scrolls of fear
 h - a scroll of identify {unknown}
 o - a scroll of amnesia {unknown}
Potions
 e - a potion of haste
 g - a potion of curing
 i - a potion of heal wounds {unknown}
 j - a potion of ambrosia
 k - a potion of magic {unknown}
 m - a potion of might {unknown}


   Skills:
 - Level 3.0 Fighting
 - Level 1.7 Dodging
 - Level 4.5 Stealth
 + Level 3.6 Unarmed Combat


You had 2 spell levels left.
You didn't know any spells.
Your spell library contained the following spells:

 Spells                   Type           Power      Damage    Failure   Level
 Anguish                  Hex/Necr       0%         N/A       98%         4
 Cause Fear               Hex            0%         N/A       98%         4
 Enfeeble                 Hex            0%         N/A       100%        7


Dungeon Overview and Level Annotations

Branches:
Dungeon (5/15)             Temple (0/1) D:4

Altars:

Shops:
D:5 (

Annotations:
D:3 3 runed translucent doors


Innate Abilities, Weirdness & Mutations

You have sharp fingernails.
You may rarely emit foul miasma when damaged in melee.


Message History

Done exploring.
Done exploring.
(D) Dungeon (T) Temple
Where to? (Enter - D:1, ? - help)
There is a stone staircase leading down here.
You climb downwards.
Found 2 fuming red potions and 3 stones.
There is a stone staircase leading up here.
A gnoll is nearby!
A gnoll is nearby!
A gnoll is nearby!
The gnoll shouts!
You hear a shout! x2
A gnoll comes into view. It is wielding a +0 flail.
A gnoll comes into view. It is wielding a +0 spear.
A ball python comes into view.
Found a stone staircase leading down.
The gnoll hits you from afar with a +0 spear.
The gnoll hits you with a +2 whip of venom.
You are poisoned.
You scratch the gnoll.
The gnoll is moderately wounded.
You feel sick.
The gnoll hits you with a +2 whip of venom.
The gnoll closely misses you. The gnoll attacks as you move away!
The gnoll hits you with a +2 whip of venom.
You are lethally poisoned!
You feel very sick.
You feel very sick. The gnoll attacks as you move away!
The gnoll barely misses you.
You feel sick.
There is a stone staircase leading up here.
It was a potion of curing.
You feel better.
The gnoll hits you with a +2 whip of venom.
The gnoll hits you with a +2 whip of venom.
* * * LOW HITPOINT WARNING * * *
You are lethally poisoned!
The gnoll hits you from afar with a +0 spear.
* * * LOW HITPOINT WARNING * * *
You climb upwards.
You die...

###.######..........#
####...........#######
...............#.#
...............#.#
..##...........#.#
..#####'###.####.#
..#####..........#
..#............g.#
..#.........###.@#
..#.######..# ##.#
.)#.# #..# #.#
###.######..# #.#
#......#..# #.#
##########..# #.# .#
#..# #.# .#########..#
#.# ............# #.#


You could see a gnoll.

Vanquished Creatures
  A gnoll (D:1)
  2 worms
  2 dart slugs (D:1)
  An orc (D:5)
  3 endoplasms
  A giant cockroach (D:3)
  2 hobgoblins (D:1)
  4 kobolds
  4 quokkas
  4 bats
  2 frilled lizards (D:1)
  2 rats
28 creatures vanquished.

Notes
Turn   | Place    | Note
-------+----------+-------------------------------------------
     0 | D:5      | Alarkh the Demonspawn Delver began the quest for the Orb.
     0 | D:5      | Reached XP level 1. HP: 18/18 MP: 1/1
    79 | D:4      | Noticed a scorpion
    96 | D:5      | Found Mefec's Weapon Shop.
   102 | D:5      | Noticed an iguana
   128 | D:4      | Noticed an ogre
   220 | D:3      | Found a runed translucent gate.
   220 | D:3      | Found a runed translucent gate.
   221 | D:3      | Found a runed translucent gate.
   237 | D:3      | Found a faded altar of an unknown god.
   273 | D:3      | Gained mutation: You may rarely emit foul miasma when
                  | damaged in melee. [demonic ancestry]
   273 | D:3      | Reached XP level 2. HP: 19/24 MP: 2/2
   805 | D:1      | Gained mutation: You have sharp fingernails. [demonic
                  | ancestry]
   805 | D:1      | Reached XP level 3. HP: 29/29 MP: 3/3
  1322 | D:1      | Succumbed to a gnoll's poison

Illustrated notes

Levels and vault maps discovered:
D:1:      dpeg_arrival_long_road, layout_basic
D:2:      layout_basic
D:3:      layout_basic, ebering_ecumenical_altar_petrified, gammafunk_ghost_icy
D:4:      layout_basic, minmay_temple_entry_statues, minmay_cut_off
D:5:      layout_rooms, serial_shops, nicolae_shop_tiny_real_fake_doors,
          abandoned_shop

Skill      XL: |  1  2 |
---------------+-------+-----
Unarmed Combat | 2 3 |  3.6
Fighting       | |  3.0
Dodging        | |  1.7
Stealth        | |  4.5

Action                     || total
---------------------------++-------
  Melee: Unarmed           ||   114
         Punch             ||     1
  Throw: Dart              ||     3
    Use: Potion            ||     2
         Scroll            ||     1
   Stab: Sleeping          ||     5
 Armour: Leather armour    ||    24
  Dodge: Dodged            ||    69
